 Dungeon Crawl Stone Soup version 0.26-a0-833-g7262b39652 (webtiles) character file.

Game seed: 13989329851686349411

547 Morbidden the Chiller (level 7, 0/51 HPs)
             Began as a Demonspawn Ice Elementalist on Nov 16, 2020.
             Was a Believer of Cheibriados.
             Slain by an ice beast (10 damage)
             ... on level 5 of the Dungeon.
             The game lasted 00:07:17 (5285 turns).

Morbidden the Chiller (Demonspawn Ice Elementalist) Turns: 5285, Time: 00:07:18

Health: 0/51       AC:  4    Str: 12    XL:     7   Next: 7%
Magic:  12/12      EV: 13    Int: 22    God:    Cheibriados [**....]
Gold:   237        SH:  0    Dex: 18    Spells: 9/13 levels left

rFire    . . .     SeeInvis .   b - +1 spear (vorpal)
rCold    . . .     Faith    .   (no shield)
rNeg     . . .     Spirit   .   a - +0 robe
rPois    .         Reflect  .   (no helmet)
rElec    .         Harm     .   (no cloak)
rCorr    .         Rampage  .   t - +0 pair of gloves
MR       .....                  v - +0 pair of boots
Stlth    +++.......             (no amulet)
HPRegen  0.17/turn              u - ring of stealth
MPRegen  0.13/turn              (no ring)

@: very slow
A: mutation resistance 1, sense surroundings 1, powered by pain 2, MP-powered
wands
a: Bend Time, Renounce Religion


You were on level 5 of the Dungeon.
You worshipped Cheibriados.
Cheibriados was pleased with you.
You visited 2 branches of the dungeon, and saw 6 of its levels.

You collected 237 gold pieces.

Inventory:

Hand Weapons
 b - a +1 vorpal spear (weapon)
Missiles
 e - 9 silver boomerangs
 g - 2 javelins (quivered)
 q - 37 poisoned darts
 s - 11 boomerangs
Armour
 a - a +0 robe (worn)
 t - a +0 pair of gloves (worn)
 v - a +0 pair of boots (worn)
Jewellery
 c - an uncursed ring of fire
 u - a ring of stealth (left hand)
Scrolls
 d - 4 scrolls of identify
 f - a scroll of immolation {unknown}
 h - 2 scrolls of remove curse {unknown}
 i - 3 scrolls of teleportation {unknown}
 p - a scroll of amnesia {unknown}
 w - a scroll of enchant weapon {unknown}
Potions
 j - a potion of curing {unknown}
 k - a potion of mutation
 l - a potion of haste
 m - a potion of attraction
 n - 2 potions of flight {unknown}
 o - a potion of might
 r - a potion of brilliance {unknown}
 x - a potion of magic {unknown}


   Skills:
 * Level 2.3 Fighting
 + Level 1.2 Polearms
 + Level 0.3 Throwing
 + Level 2.0 Dodging
 + Level 2.6 Stealth
 * Level 3.9 Spellcasting
 * Level 5.4 Ice Magic
 * Level 2.6 Invocations


You had 9 spell levels left.
You knew the following spells:

 Your Spells              Type           Power        Failure   Level
a - Freeze                Ice            ####         1%          1
b - Frozen Ramparts       Ice            ####..       3%          3

Your spell library contained the following spells:

 Spells                   Type           Power        Failure   Level
 Ozocubu's Armour         Ice            ####....     3%          3
 Hailstorm                Conj/Ice       ###.....     36%         4
 Summon Ice Beast         Ice/Summ       ###.....     36%         4


Dungeon Overview and Level Annotations

Branches:
Dungeon (5/15)             Temple (1/1) D:4

Altars:
Cheibriados
Elyvilon
Nemelex Xobeh
Yredelemnul
Zin


Innate Abilities, Weirdness & Mutations

You sometimes gain power by taking damage.
You are somewhat resistant to further mutation.
You passively map a small area around you.
You expend magic power (3 MP) to strengthen your wands.


Message History

The ice beast is severely wounded.
The ice beast hits you. The ice beast freezes you!
You focus on the pain.
You feel your power returning.
The ice beast hits you but does no damage.
You are too injured to fight recklessly!
Unknown command.
Quiver which item? (- for none, * to show all) (? for menu, Esc to quit)
Quivering
g - 3 javelins for throwing.
The ice beast hits you. The ice beast freezes you!
* * * LOW HITPOINT WARNING * * *
Throwing (i - inventory. (/) - cycle)
g - 3 javelins (quivered)
Press: ? - help, Shift-Dir - straight line, f/p - ice beast
Aim: an ice beast (severely wounded)
You throw a javelin.
The javelin barely misses the ice beast.
The javelin closely misses the shadow imp.
The ice beast closely misses you. The ice beast hits you.
* * * LOW HITPOINT WARNING * * *
The ice beast freezes you!
You die...

###### #.......#,..# .....#
#.#####(#...# *,
####.#####.#####.#...### #.####
####..........##.......# *.....
#.....####.##.##<# #.# #...#
.....## #.#.).#.# #.# #...#
#.##.# #......5# #.# #...# .....#
###...#Y# #.# #...#
..##.#.......###@#####.# #...#
####.#.......# #.......#####...##
####.#.......###..#.#............
...[.#...........................
...###.......#..#.##.............
##.# #.......#..#.##.#####.#...#.
...# #.......#..#..#.# #.#...#.
...# * ** #..##.#.# #.#...#. ...#
#..##.#.# #.#.....


You could see an ice beast and a shadow imp.

Vanquished Creatures
  A sky beast (D:5)
  2 ogres (D:4)
  A jelly (D:5)
  An orc wizard (D:3)
  4 worker ants (D:4)
  An adder (D:2)
  A white imp (D:3)
  An ooze (D:1)
  6 worms
  A dart slug (D:1)
  4 leopard geckos
  12 orcs
  4 bats
  6 giant cockroaches
  7 goblins
  8 hobgoblins
  7 jackals
  6 kobolds
  4 quokkas
  A ball python (D:3)
  5 frilled lizards
  5 rats
88 creatures vanquished.

Vanquished Creatures (others)
  A jackal (D:4)
  A quokka (D:4)
2 creatures vanquished.

Grand Total: 90 creatures vanquished

Notes
Turn   | Place    | Note
-------+----------+-------------------------------------------
     0 | D:1      | Morbidden the Demonspawn Ice Elementalist began the quest
                  | for the Orb.
     0 | D:1      | Reached XP level 1. HP: 13/13 MP: 3/3
    83 | D:1      | Gained mutation: You sometimes gain a little power by
                  | taking damage. [demonic ancestry]
    83 | D:1      | Reached XP level 2. HP: 10/20 MP: 0/5
   265 | D:1      | Reached skill level 4 in Ice Magic
   537 | D:1      | Reached XP level 3. HP: 25/25 MP: 3/6
   675 | D:1      | Learned a level 3 spell: Frozen Ramparts
   752 | D:1      | Reached skill level 1 in Fighting
  1114 | D:2      | Found a glowing silver altar of Zin.
  1157 | D:2      | Found a snail-covered altar of Cheibriados.
  1159 | D:2      | Found a sparkling altar of Nemelex Xobeh.
  1159 | D:2      | Found a white marble altar of Elyvilon.
  1162 | D:2      | Became a worshipper of Cheibriados the Contemplative
  1165 | D:2      | Found a basalt altar of Yredelemnul.
  2038 | D:3      | Reached XP level 4. HP: 32/32 MP: 7/7
  2166 | D:3      | Reached * piety under Cheibriados
  2554 | D:3      | Gained mutation: You expend magic power (3 MP) to
                  | strengthen your wands. [potion of mutation]
  2554 | D:3      | Gained mutation: You are somewhat resistant to further
                  | mutation. [potion of mutation]
  2554 | D:3      | Gained mutation: You passively map a small area around you.
                  | [potion of mutation]
  2812 | D:3      | Reached skill level 1 in Invocations
  3345 | D:4      | Reached skill level 1 in Polearms
  3345 | D:4      | Gained mutation: You sometimes gain power by taking damage.
                  | [demonic ancestry]
  3345 | D:4      | Reached XP level 5. HP: 26/37 MP: 3/9
  3782 | D:4      | Found a staircase to the Ecumenical Temple.
  3788 | D:4      | Noticed an ogre
  3799 | D:4      | Killed an ogre
  3800 | D:4      | Reached XP level 6. HP: 44/44 MP: 6/10
  3855 | D:4      | Reached skill level 5 in Ice Magic
  4144 | D:4      | Found a white marble altar of Elyvilon.
  4423 | D:4      | Reached ** piety under Cheibriados
  4926 | Temple   | Entered the Ecumenical Temple
  4948 | D:5      | Entered Level 5 of the Dungeon
  5144 | D:5      | Noticed a sky beast
  5150 | D:5      | Killed a sky beast
  5151 | D:5      | Reached XP level 7. HP: 42/51 MP: 8/12
  5285 | D:5      | Slain by an ice beast

Illustrated notes

Levels and vault maps discovered:
D:1:      sevenhm_arrival_forest_fort_small_3, layout_rooms, minmay_ruptured
D:2:      layout_loops_corners, minitemple, minmay_misc_feat_more_columns,
          minmay_tetromino_s4
D:3:      layout_basic
D:4:      layout_basic, minmay_temple_entry_grid, elyvilon_altar_4
D:5:      layout_loops_cross, serial_shops, shop_fountains
Temple:   minmay_temple_curvy_loop

Skill      XL: |  1  2  3  4  5  6 |
---------------+-------------------+-----
Ice Magic      | 4 5 |  5.4
Fighting       | 1 2 |  2.3
Stealth        | 2 |  2.6
Invocations    | 1 2 |  2.6
Polearms       | 1 |  1.2
Spellcasting   | 3 |  3.9
Dodging        | 2 |  2.0
Throwing       | |  0.3

Action                   |  1- 3 |  4- 6 |  7- 9 || total
-------------------------+-------+-------+-------++-------
Melee: Unarmed           |     5 |       |       ||     5
       Spear             |    77 |    72 |     6 ||   155
Throw: Boomerang         |     1 |       |       ||     1
       Dart              |       |    12 |       ||    12
       Javelin           |       |       |     1 ||     1
 Cast: Freeze            |    24 |    24 |     1 ||    49
       Frozen Ramparts   |       |    14 |     2 ||    16
  Use: Potion            |       |     4 |       ||     4
       Scroll            |       |     2 |       ||     2
 Stab: Sleeping          |     7 |     5 |     2 ||    14
Armor: Robe              |    12 |    14 |     3 ||    29
Dodge: Dodged            |    42 |    54 |     3 ||    99

Table legend: (Time is in decaauts)
 A = Elapsed time spent in this place.
 B = Non-inter-level travel time spent in this place.
 C = Inter-level travel time spent in this place.
 D = Time resting spent in this place.
 E = Time spent auto-exploring this place.
 F = Levels seen in this place.
 G = Mean time per level.
                   A        B        C        D        E       F      G
               +--------+--------+--------+--------+--------+-----+--------+
         Total |   6078 |   5782 |    296 |    452 |   4637 |   6 | 1013.0 |
       Dungeon |   6076 |   5780 |    296 |    452 |   4637 |   5 | 1215.2 |
        Temple |      1 |      1 |      0 |      0 |      0 |   1 |    1.0 |
               +--------+--------+--------+--------+--------+-----+--------+

Top non-repeatable levels by time:
     D:4: 1879 daAuts
     D:2: 1411 daAuts
     D:3: 1410 daAuts
     D:1: 985 daAuts
     D:5: 390 daAuts
  Temple: 1 daAuts
